 Dungeon Crawl Stone Soup version 0.25.0-46-gbd7b0854d2 (webtiles) character file.

Game seed: 13265186488244474775

218 Milting the Insei (level 5, 0/39 HPs)
             Began as a Demonspawn Transmuter on July 13, 2020.
             Slain by a phantom (3 damage)
             ... on level 3 of the Dungeon.
             The game lasted 00:16:23 (5775 turns).

Milting the Insei (Demonspawn Transmuter)           Turns: 5775, Time: 00:16:23

Health: 0/39       AC:  2    Str: 11    XL:     5   Next: 63%
Magic:  0/8        EV: 13    Int: 14    God:
Gold:   239        SH:  0    Dex: 14    Spells: 7/8 levels left

rFire    . . .     SeeInvis .     - Unarmed
rCold    . . .     Gourm    .   (no shield)
rNeg     . . .     Faith    .   b - +0 robe
rPois    .         Spirit   +   (no helmet)
rElec    .         Reflect  .   (no cloak)
rCorr    .         Harm     .   (no gloves)
MR       .....                  (no boots)
Stlth    ++........             h - amulet of magic regeneration
HPRegen  0.13/turn              (no ring)
MPRegen  0.47/turn              (no ring)

@: berserk cooldown, slowed, very slow
A: magic shield, magic regeneration, rot immunity
a: no special abilities


You were on level 3 of the Dungeon.
You were near starving.

You visited 1 branch of the dungeon, and saw 5 of its levels.

You collected 239 gold pieces.

Inventory:

Missiles
 a - 61 arrows
 c - 151 stones (quivered)
Armour
 b - a +0 robe (worn)
Jewellery
 h - an amulet of magic regeneration (around neck)
Scrolls
 e - 3 scrolls of remove curse {unknown}
 f - a scroll of immolation {unknown}
 i - 3 scrolls of fog {unknown}
 j - 2 scrolls of fear {unknown}
 k - 3 scrolls of identify {unknown}
 l - 2 scrolls of teleportation {unknown}
 m - 2 scrolls of blinking {unknown}
 n - a scroll of magic mapping {unknown}
 r - 3 scrolls of enchant weapon {unknown}
 s - 3 scrolls of amnesia {unknown}
Potions
 q - a potion of degeneration {unknown}
Comestibles
 d - 4 rations


   Skills:
 * Level 2.6 Fighting
 * Level 3.0 Dodging
 + Level 1.3 Stealth
 * Level 3.7 Unarmed Combat
 + Level 2.4 Spellcasting
 + Level 2.3 Transmutations


You had 7 spell levels left.
You knew the following spells:

 Your Spells              Type           Power        Failure   Level  Hunger
a - Beastly Appendage     Tmut           #.....       9%          1    #......

Your spell library contained the following spells:

 Spells                   Type           Power        Failure   Level  Hunger
 Sticks to Snakes         Tmut           #.......     13%         2    ###....
 Spider Form              Tmut/Pois      #.........   38%         3    ###....
 Ice Form                 Ice/Tmut       #.......     80%         4    #####..
 Blade Hands              Tmut           #.........   94%         5    ######.


Dungeon Overview and Level Annotations

Branches:
Dungeon (5/15)
 Temple: D:4-7

Altars:
Dithmenos
Kikubaaqudgha

Annotations:
D:4 Pikel


Innate Abilities, Weirdness & Mutations

When hurt, damage is shared between your health and your magic reserves.
You regenerate magic rapidly.
You are immune to rotting.


Message History

The phantom is too close now for your liking.
You are too berserk!
Unknown command.
You feel your anger nearly subside.
You are no longer berserk.
You are exhausted.
You feel yourself slow down.
You closely miss the phantom.
The phantom is heavily damaged.
The phantom hits you.
* * * LOW HITPOINT WARNING * * *
You barely miss the phantom.
The phantom is heavily damaged.
The phantom barely misses you. The phantom hits you.
You hit the phantom.
The phantom is severely damaged.
The phantom closely misses you.
You miss the phantom.
The phantom is severely damaged.
The phantom hits you!
You die...

# #.#.####...#.......#.# #
#.#.#....#....)_.....# #
#.#.#<#..#.#....)..#.# #
######.#.###..#.#...^...#
..........#...(#.##.....##
#######...#.##.#(####)####.#
#...#.....(((.(......#
#.[.###..###..########
#.#..W@.............
#.#(####.########### #.#.#
#.# #.#.# #.# #.#.# #.#
##########.#.## #.#
#..รท....##.#..# #.#
#.#####.##.##.###.#
#.#......#.....##.#


You could see a phantom.

Vanquished Creatures
  A slave (D:2)
  A hound (D:4)
  An orc priest (D:3)
  An orc wizard (D:3)
  A gnoll (D:1)
  4 adders
  An ooze (D:1)
  2 worms (D:2)
  A dart slug (D:1)
  A leopard gecko (D:2)
  7 orcs
  8 giant cockroaches
  9 goblins
  6 hobgoblins
  A quokka (D:2)
  2 ball pythons
  4 bats (D:2)
  3 frilled lizards
  6 kobolds
  6 rats
66 creatures vanquished.

Vanquished Creatures (others)
  A plant (D:2)
  4 toadstools (D:1)
5 creatures vanquished.

Grand Total: 71 creatures vanquished

Notes
Turn   | Place    | Note
-------+----------+-------------------------------------------
     0 | D:1      | Milting the Demonspawn Transmuter began the quest for the
                  | Orb.
     0 | D:1      | Reached XP level 1. HP: 15/15 MP: 3/3
   988 | D:1      | Gained mutation: When hurt, damage is shared between your
                  | health and your magic reserves. [demonic ancestry]
   988 | D:1      | Reached XP level 2. HP: 16/21 MP: 3/5
  1207 | D:1      | Reached XP level 3. HP: 16/26 MP: 2/6
  3037 | D:2      | Gained mutation: You are immune to rotting. [demonic
                  | ancestry]
  3037 | D:2      | Reached XP level 4. HP: 33/33 MP: 5/7
  3099 | D:2      | Found a shadowy altar of Dithmenos.
  4002 | D:3      | Found an ancient bone altar of Kikubaaqudgha.
  4376 | D:3      | Found a faded altar of an unknown god.
  4423 | D:3      | Reached skill level 1 in Stealth
  4423 | D:3      | Gained mutation: You regenerate magic rapidly. [demonic
                  | ancestry]
  4423 | D:3      | Reached XP level 5. HP: 39/39 MP: 8/8
  4579 | D:3      | Noticed a phantom
  4618 | D:4      | Noticed Pikel
  4618 | D:4      | Noticed a slave
  4618 | D:4      | Noticed a slave
  4624 | D:4      | Noticed a slave
  4714 | D:5      | Entered Level 5 of the Dungeon
  5113 | D:3      | HP: 1/39 [slave[Pikel] (2)]
  5473 | D:2      | Killed a slave
  5775 | D:3      | Slain by a phantom

Illustrated notes

Levels and vault maps discovered:
D:1:      ldierk_water_garden, layout_loops_corners, minmay_worlds_worst_comb
D:2:      cheibrodos_old_hovel, layout_basic, grunt_dithmenos_smoke
D:3:      layout_basic, old_standard_altar, nicolae_gozag_seed_capital,
          first_ration, chequers_ecumenical_altar_simple
D:4:      layout_loops_corners, nemelex_xobeh_ov_fountains_minmay,
          grunt_qazlal_sundering, uniq_pikel
D:5:      layout_rooms, eat_drink_and_be_merry_uskayaw, enter_ossuary_3

Skill      XL: |  1  2  3  4  5 |
---------------+----------------+-----
Dodging        | 2 3 |  3.0
Unarmed Combat | 3 |  3.7
Transmutations | 2 |  2.3
Fighting       | 2 |  2.6
Stealth        | 1 |  1.3
Spellcasting   | |  2.4

Action                   |  1- 3 |  4- 6 || total
-------------------------+-------+-------++-------
Melee: Unarmed           |   174 |   197 ||   371
       Kick              |     6 |     3 ||     9
       Punch             |     3 |     8 ||    11
       Headbutt          |     3 |     7 ||    10
Throw: Javelin           |       |     5 ||     5
       Stone             |       |     5 ||     5
 Cast: Beastly Appendage |    10 |    12 ||    22
  Use: Potion            |     1 |     5 ||     6
 Stab: Sleeping          |     1 |       ||     1
  Eat: Chunk             |     7 |     7 ||    14
Armor: Robe              |    28 |    17 ||    45
Dodge: Dodged            |   107 |   112 ||   219
